Map: Thunderbird LE

Players

soul

  • Race: Terran Terran
  • League: Grandmaster
  • Spawn Location: 11:00

GOReynor (Reynor) - Winner!

  • Race: Zerg Zerg
  • League: Master
  • Spawn Location: 5:00

Event: 2019 Assembly Summer

VOD

Have the link to the VOD?

Description

Time

  • Played on: Aug. 1, 2019, 5:25 a.m.
  • Length: 14:50

All games in this series

Show
View Real Time Build Order
Export as new Build Order

soul Terran 

Build Orders: Gas First Reaper Expand, Liberator Opening 

Get SALT Encoding   

  12  0:00  SCV  
  13  0:12  SCV  
  14  0:18  Supply Depot  
  14  0:25  SCV  
  15  0:32  Refinery  
  15  0:39  SCV  
  16  0:44  Barracks  
  16  0:52  SCV  
  17  1:04  SCV  
  18  1:16  SCV  
  19  1:31  Reaper, Orbital Command  
  20  1:43  Command Center  
  20  1:54  Factory  
  20  1:57  SCV  
  21  2:06  Supply Depot  
  21  2:09  Barracks Reactor  
  21  2:12  SCV  
  22  2:16  Refinery  
  22  2:24  SCV  
  23  2:36  SCV  
  24  2:46  Starport  
  25  2:51  SCV  
  25  2:54  Hellion x2  
  25  2:56  Orbital Command  
  29  3:01  Barracks Tech Lab  
  29  3:03  SCV  
  29  3:05  Liberator  
  30  3:15  Hellion x2, SCV  
  35  3:23  SCV  
  35  3:25  Marine  
  40  3:27  SCV  
  40  3:32  Supply Depot  
  41  3:35  SCV  
  41  3:39  Stimpack  
  41  3:40  SCV  
  43  3:47  SCV  
  46  3:48  Hellion  
  46  3:53  Marine  
  46  3:54  Hellion, SCV  
  50  3:59  SCV  
  50  4:00  Supply Depot  
  51  4:04  Liberator  
  51  4:06  SCV  
  52  4:11  Marine, SCV  
  54  4:22  SCV  
  54  4:23  Factory Tech Lab, SCV  
  59  4:24  Supply Depot  
  59  4:29  Marine  
  60  4:34  SCV  
  60  4:35  Command Center  
  60  4:36  SCV  
  62  4:46  SCV  
  62  4:47  Supply Depot  
  62  4:51  Barracks  
  64  4:54  Barracks  
  64  4:55  Marine  
  64  4:58  SCV  
  64  4:59  Engineering Bay  
  65  5:00  Engineering Bay  
  65  5:04  Siege Tank  
  65  5:06  Starport Reactor  
  68  5:08  SCV  
  68  5:10  Supply Depot  
  68  5:13  Marine  
  68  5:18  Refinery, SCV  
  68  5:20  Refinery, SCV  
  70  5:26  Supply Depot  
  70  5:28  Terran Infantry Weapons Level 1  
  70  5:30  SCV  
  70  5:31  Marine  
  70  5:32  SCV  
  70  5:33  Terran Infantry Armor Level 1  
  73  5:40  Supply Depot, Marine  
  73  5:42  SCV  
  75  5:44  SCV  
  75  5:48  Combat Shield, Marine  
  75  5:49  Marine  
  77  5:54  SCV  
  77  5:55  Starport Reactor  
  77  5:56  Marine x2, SCV  
  73  5:57  Marine, SCV  
  75  6:06  Marine, SCV  
  75  6:07  Marine  
  72  6:12  Siege Tank  
  72  6:13  Supply Depot, Marine  
  72  6:14  Marine  
  72  6:15  Marine  
  72  6:17  Orbital Command  
  78  6:24  Marine, SCV  
  78  6:25  Marine  
  79  6:27  SCV  
  79  6:31  Marine  
  79  6:32  Marine  
  83  6:33  Marine  
  83  6:34  Medivac x2  
  83  6:37  SCV  
  83  6:39  SCV  
  88  6:40  Supply Depot  
  88  6:42  Marine  
  88  6:43  Marine, SCV  
  91  6:49  Marine, SCV  
  91  6:50  Marine  
  91  6:51  Liberator, Marine, SCV  
  96  6:55  SCV  
  96  6:59  Supply Depot, Armory  
  96  7:00  Factory Reactor, Marine  
  96  7:01  Marine  
  98  7:02  SCV  
  98  7:03  SCV  
  98  7:05  Supply Depot  
  98  7:08  Medivac  
  107  7:09  Marine  
  107  7:14  SCV  
  107  7:15  SCV  
  110  7:18  Barracks  
  110  7:19  Barracks  
  110  7:21  Factory  
  109  7:24  Refinery, SCV  
  109  7:26  Supply Depot, Marine, SCV  
  109  7:27  SCV  
  113  7:30  Marine  
  113  7:32  Supply Depot  
  113  7:33  Marine  
  113  7:35  Marine  
  116  7:38  SCV  
  116  7:41  Medivac  
  114  7:44  Marine  
  114  7:47  Command Center  
  114  7:48  Terran Infantry Weapons Level 2  
  115  7:55  Terran Infantry Armor Level 2  
  115  8:02  Marine  
  115  8:03  Marine  
  108  8:06  Marine  
  108  8:07  Marine x2  
  106  8:13  Drilling Claws  
  106  8:15  Widow Mine x2  
  106  8:16  Widow Mine  
  112  8:20  Marine, Barracks Reactor x2  
  112  8:21  Marine, Medivac x2  
  112  8:24  Marine, SCV  
  112  8:25  Marine x2  
  112  8:26  SCV  
  121  8:28  Supply Depot  
  121  8:29  Supply Depot  
  121  8:37  Missile Turret x2  
  121  8:38  Marine x2  
  121  8:39  Missile Turret  
  121  8:41  Widow Mine  
  122  8:42  Marine  
  122  8:43  Marine x2  
  122  8:44  Widow Mine  
  122  8:45  Widow Mine  
  122  8:47  SCV  
  130  8:51  Terran Vehicle And Ship Armor Level 1  
  130  8:53  SCV x2  
  130  8:54  Refinery  
  132  8:56  Marine x2, Medivac x2  
  132  9:00  Marine x2  
  132  9:01  Marine  
  141  9:05  SCV  
  141  9:09  Barracks, Widow Mine  
  142  9:12  Barracks  
  142  9:13  Barracks  
  142  9:14  Supply Depot  
  142  9:18  Widow Mine x2  
  142  9:19  Missile Turret  
  142  9:22  Marine  
  142  9:23  Marauder  
  142  9:24  Planetary Fortress  
  149  9:25  SCV  
  149  9:34  Missile Turret  
  149  9:36  Widow Mine  
  150  9:40  Supply Depot  
  150  9:41  Marine  
  150  9:43  Marine  
  150  9:44  Marauder  
  150  9:45  Marine  
  153  9:48  Marine  
  153  9:55  Marine  
  153  9:58  SCV x3  
  157  10:01  SCV  
  157  10:06  Marauder  
  158  10:10  Marine, SCV x3  
  158  10:13  Barracks Tech Lab x2  
  162  10:17  Medivac x2  
  162  10:20  Sensor Tower, SCV  
  167  10:22  SCV x3  
  167  10:23  Command Center  
  167  10:26  Concussive Shells  
  167  10:27  Marauder  
  172  10:29  Widow Mine  
  172  10:33  Barracks Tech Lab  
  174  10:36  Marine, Marauder  
  174  10:39  Marine  
  174  10:40  Marine, Marauder  
  181  10:48  Marine, Marauder, Orbital Command  
  181  10:49  Marine x4  
  185  10:52  Marine  
  185  10:54  Marine  
  187  10:57  Marine  
  187  10:58  Marine, Marauder  
  187  11:01  Marauder  
  154  11:06  Marine, SCV x3  
  154  11:07  Marine x3  
  154  11:08  Medivac x2  
  154  11:10  Marine, Marauder  
  167  11:11  Marine  
  167  11:15  Marine  
  167  11:16  SCV  
  167  11:17  Marine  
  167  11:18  SCV x3  
  167  11:19  Marauder, Widow Mine  
  167  11:22  Marauder, Widow Mine  
  167  11:24  Marine  
  167  11:25  Marine  
  175  11:27  Missile Turret, Widow Mine  
  175  11:28  Marauder, SCV  
  175  11:29  Marine  
  175  11:30  SCV x2  
  175  11:31  Marauder  
  186  11:37  Marine  
  186  11:38  Missile Turret  
  185  11:41  Marauder  
  185  11:44  Marine, Marauder  
  185  11:46  Marine  
  189  11:48  Marine  
  189  11:50  Marauder  
  189  11:53  Marauder  
  192  11:54  Marine  
  192  11:55  Widow Mine  
  192  12:02  Marine, Marauder  
  192  12:03  Barracks  
  195  12:16  Marauder  
  195  12:19  Supply Depot  
  195  12:20  Marine x3  
  195  12:21  Marine x2, Widow Mine  
  195  12:22  Medivac x2  
  187  12:23  Marine, Marauder  
  182  12:34  SCV  
  182  12:35  SCV x3  
  181  12:37  Marine  
  181  12:38  Marauder x3  
  181  12:39  Marine  
  181  12:41  Command Center  
  189  12:47  Marauder, SCV x4  
  189  12:48  Widow Mine  
  195  12:52  Armory, Medivac  
  195  12:53  Supply Depot, Widow Mine  
  195  12:54  Supply Depot  
  195  12:55  Widow Mine  
  191  12:59  Marauder x2  
  191  13:03  Supply Depot  
  193  13:06  Marine  
  193  13:07  Marauder  
  196  13:14  Marine x2, Widow Mine  
  196  13:15  Marine x2  
  196  13:17  Widow Mine  
  188  13:20  Marine, Marauder  
  188  13:24  Marine  
  179  13:28  Marauder  
  179  13:32  Marine x2  
  179  13:33  Marine, Medivac x2, Marauder  
  178  13:35  Widow Mine  
  178  13:38  Marine  
  171  13:42  Marine, Marauder  
  171  13:43  Widow Mine x2  
  168  13:49  Marine x3  
  168  13:50  Marine  
  168  13:52  Command Center  
  168  13:55  Marauder  
  174  13:56  Thor, Marauder  
  174  14:00  Marine  
  183  14:03  Marine  
  183  14:07  Marine x2  
  179  14:12  Marine x2  
  169  14:18  SCV x3  
  169  14:20  Marine, Marauder  
  169  14:21  Marine x2  
  177  14:25  Marine x2, Missile Turret  
  177  14:30  Marine x2, SCV  
  177  14:31  SCV x2  
Show
View Real Time Build Order
Export as new Build Order

GOReynor Zerg - Winner!

Build Orders: Hatch First, Muta Ling Bane 

Get SALT Encoding   

  12  0:00  Drone  
  13  0:12  Overlord  
  13  0:16  Drone  
  14  0:31  Drone  
  14  0:32  Drone  
  16  0:49  Hatchery  
  15  0:51  Drone  
  15  0:54  Drone  
  17  0:57  Drone  
  18  1:09  Extractor  
  17  1:13  Spawning Pool  
  17  1:16  Drone  
  17  1:19  Drone  
  18  1:28  Drone  
  19  1:39  Drone  
  20  1:50  Overlord  
  20  2:01  Queen x2, Zergling x4  
  26  2:11  Drone  
  26  2:12  Drone  
  28  2:22  Hatchery  
  28  2:25  Drone  
  28  2:28  Drone  
  29  2:32  Metabolic Boost  
  29  2:36  Drone  
  30  2:40  Drone  
  31  2:46  Queen  
  33  2:52  Overlord  
  33  2:55  Drone  
  33  2:58  Drone  
  35  3:00  Drone  
  36  3:11  Drone  
  36  3:12  Drone x2, Pneumatized Carapace  
  39  3:19  Overlord  
  39  3:20  Drone x2  
  39  3:23  Drone  
  42  3:28  Queen  
  44  3:36  Overlord  
  44  3:37  Drone  
  44  3:40  Drone x3  
  48  3:47  Queen  
  50  3:55  Zergling x6  
  53  3:56  Drone x3  
  56  4:02  Overlord  
  56  4:06  Zergling x6  
  56  4:08  Drone x2  
  61  4:13  Overlord  
  61  4:14  Drone  
  61  4:16  Spore Crawler, Drone  
  62  4:19  Queen  
  62  4:24  Drone x3  
  67  4:28  Overlord  
  67  4:30  Zergling x2  
  68  4:32  Drone  
  69  4:39  Zergling x2  
  69  4:41  Drone x2  
  69  4:42  Drone x3  
  75  4:50  Overlord  
  75  4:52  Zergling x2  
  76  4:55  Drone x4  
  76  4:56  Drone x3  
  83  5:00  Evolution Chamber x2  
  81  5:08  Overlord  
  81  5:09  Drone x4  
  81  5:10  Drone  
  81  5:13  Spore Crawler, Extractor x2  
  83  5:16  Overlord  
  83  5:19  Drone x2  
  85  5:23  Hatchery  
  85  5:26  Spore Crawler  
  83  5:29  Drone x3  
  83  5:30  Zerg Ground Armor Level 1, Zerg Melee Weapons Level 1  
  83  5:31  Drone x3  
  83  5:35  Extractor  
  88  5:36  Lair, Extractor  
  88  5:39  Drone  
  88  5:41  Drone  
  89  5:43  Drone x2  
  89  5:47  Baneling Nest, Extractor  
  89  5:54  Zergling x8  
  91  5:57  Queen  
  91  6:01  Overlord  
  91  6:04  Drone x5  
  92  6:05  Drone x2  
  96  6:12  Drone  
  96  6:14  Overlord  
  96  6:16  Drone x3  
  100  6:23  Zergling x6  
  102  6:32  Zergling x6  
  101  6:33  Centrifical Hooks  
  101  6:36  Queen, Spire  
  101  6:38  Drone  
  97  6:40  Drone x2  
  97  6:41  Drone  
  97  6:44  Overlord  
  100  6:49  Zergling x10  
  105  6:55  Overlord  
  105  7:00  Drone x6  
  111  7:02  Burrow  
  111  7:03  Extractor  
  111  7:05  Baneling x9  
  111  7:06  Zergling x2  
  111  7:07  Zergling x2  
  112  7:10  Zergling x4  
  112  7:11  Overseer  
  114  7:16  Zergling x12  
  114  7:18  Zergling x2  
  114  7:19  Hatchery  
  120  7:26  Overlord  
  119  7:30  Zergling x16  
  128  7:37  Zergling x8  
  128  7:44  Zerg Ground Armor Level 2, Zerg Melee Weapons Level 2  
  127  7:46  Drone  
  127  7:47  Drone x7  
  127  7:48  Extractor  
  127  7:51  Zergling x2  
  135  7:53  Baneling x4  
  135  7:55  Zergling x8  
  139  7:58  Overlord  
  127  8:08  Mutalisk x3  
  127  8:11  Mutalisk x3  
  132  8:18  Mutalisk  
  132  8:19  Mutalisk x2  
  137  8:22  Overlord  
  137  8:24  Drone x6  
  143  8:31  Overlord  
  143  8:33  Mutalisk x3  
  146  8:36  Drone  
  146  8:41  Drone  
  148  8:44  Mutalisk x2  
  148  8:45  Mutalisk  
  148  8:46  Drone x3  
  148  8:47  Drone x4  
  161  8:49  Queen  
  161  8:52  Overlord  
  161  8:54  Zergling x14  
  170  8:56  Hatchery  
  170  8:59  Zergling x4  
  170  9:02  Baneling x9  
  171  9:03  Infestation Pit, Baneling  
  171  9:05  Zergling x2  
  171  9:06  Zergling x4  
  171  9:08  Zergling x4  
  175  9:11  Spore Crawler  
  175  9:12  Spine Crawler  
  175  9:13  Spine Crawler  
  175  9:14  Zergling x16  
  175  9:16  Zerg Flyer Weapons Level 1  
  180  9:18  Overseer  
  180  9:19  Mutalisk x2  
  180  9:23  Overlord  
  184  9:25  Mutalisk  
  184  9:30  Zergling x6  
  189  9:33  Baneling x5  
  189  9:38  Baneling x3  
  189  9:40  Overlord  
  189  9:43  Zergling x16  
  195  9:52  Overlord  
  195  9:55  Hive  
  195  9:58  Mutalisk x2  
  195  10:14  Extractor  
  195  10:16  Extractor  
  193  10:23  Baneling x2  
  193  10:24  Baneling x4  
  187  10:42  Baneling x9  
  187  10:44  Zergling x26  
  180  11:04  Zergling x14  
  180  11:05  Zergling x26  
  197  11:12  Hatchery  
  197  11:14  Drone x5  
  197  11:15  Drone x2  
  195  11:21  Zerg Ground Armor Level 3  
  195  11:22  Zerg Melee Weapons Level 3  
  195  11:27  Ultralisk Cavern  
  195  11:32  Zergling x2  
  195  11:33  Zergling x8  
  195  11:39  Baneling x18  
  199  11:40  Baneling x3  
  199  11:41  Baneling  
  184  11:49  Zergling x42  
  184  11:50  Zergling x6  
  200  11:57  Zergling x2  
  197  12:08  Queen  
  180  12:31  Zergling x30  
  195  12:37  Chitinous Plating  
  195  12:38  Greater Spire  
  195  12:41  Zergling x2  
  195  12:42  Zergling x8  
  195  12:44  Overseer  
  186  13:00  Drone x5  
  186  13:03  Zergling x2  
  186  13:04  Zergling x14, Extractor x3  
  196  13:07  Baneling  
  196  13:08  Baneling x12  
  196  13:10  Baneling  
  196  13:11  Baneling x15  
  196  13:12  Baneling x4  
  196  13:13  Baneling x14  
  196  13:16  Zergling x8  
  177  13:27  Ultralisk x2, Zergling x2  
  177  13:33  Baneling x6  
  184  13:35  Zergling x28  
  184  13:40  Ultralisk, Zergling x4  
  199  13:43  Zergling x4  
  198  14:03  Baneling x14  
  198  14:04  Overseer x2  
  176  14:16  Zergling x24  
  170  14:19  Zergling x2  
  170  14:22  Drone x3, Zergling x6  
  199  14:26  Overlord  
  199  14:27  Zergling x4  
Tags
 
Add a new tag
Caveats
  • Supply blocks, unpowered buildings, or Contaminate may cause inaccurate times.
  • Supply counts are checked every 10 seconds.